 Dungeon Crawl Stone Soup version 0.27.1-34-g3ba077fa99 (webtiles) character file.

Game seed: 9076204981094946010

12719 sankara the Martial Artist (level 11, -11/99 HPs)
             Began as a Minotaur Monk on Jan 22, 2022.
             Was a High Priest of Okawaru.
             Killed from afar by a bog body (17 damage)
             ... with a bolt of cold
             ... on level 2 of the Lair of Beasts.
             The game lasted 00:27:47 (14790 turns).

sankara the Martial Artist (Minotaur Monk)         Turns: 14790, Time: 00:27:49

Health: -11/99     AC: 22    Str: 15    XL:     11   Next: 66%
Magic:  11/13      EV: 18    Int:  8    God:    Okawaru [*****.]
Gold:   627        SH:  0    Dex: 16    Spells: 10/10 levels left

rFire    + . .     SeeInvis .     - Unarmed
rCold    . . .     Faith    .   (no shield)
rNeg     + . .     Spirit   .   u - +5 ring mail {rF+}
rPois    .         Reflect  .   D - +2 hat
rElec    .         Harm     .   L - +0 cloak
rCorr    .         Rampage  .   I - +2 pair of gloves
Will     .....                  w - +0 pair of boots
Stlth    +++.......             (no amulet)
HPRegen  0.26/turn              h - ring of positive energy
MPRegen  0.13/turn              i - +4 ring of slaying

@: heroic, slowed, very slow
A: horns 2, retaliatory headbutt
a: Renounce Religion, Heroism, Finesse


You were on level 2 of the Lair of Beasts.
You worshipped Okawaru.
Okawaru was extremely pleased with you.
You visited 3 branches of the dungeon, and saw 12 of its levels.
You also visited: Ossuary.

You collected 627 gold pieces.

Inventory:

Hand Weapons
 b - a +0 hunting sling
Missiles
 d - 309 stones
 q - 6 silver boomerangs
 s - a throwing net
 t - 11 sling bullets
 z - 9 boomerangs (quivered)
 G - 13 javelins
 Q - 9 poisoned darts
Armour
 m - +0 steam dragon scales
 u - a +5 ring mail of fire resistance (worn)
 w - a +0 pair of boots (worn)
 D - a +2 hat (worn)
 I - a +2 pair of gloves (worn)
 L - a +0 cloak (worn)
 M - +0 swamp dragon scales
Jewellery
 h - a ring of positive energy (left hand)
 i - a +4 ring of slaying (right hand)
 F - a ring of flight
 P - a ring of positive energy
Wands
 f - a wand of digging (3)
 l - a wand of charming (6)
 r - a wand of iceblast (13)
 y - a wand of acid (10)
 N - a wand of polymorph (11)
 O - a wand of flame (18)
Scrolls
 e - 5 scrolls of teleportation
 g - 5 scrolls of identify
 n - 2 scrolls of fog
 v - 3 scrolls of enchant armour
Potions
 a - 3 potions of heal wounds
 c - 2 potions of haste
 j - 4 potions of lignification
 k - 3 potions of might
 o - 8 potions of curing
 p - a potion of berserk rage
 C - 3 potions of attraction
 E - 2 potions of cancellation
 K - a potion of ambrosia
Miscellaneous
 A - a piece from Xom's chessboard (15/15)


   Skills:
 + Level 10.1(15.1) Fighting
 + Level 4.2(9.2) Throwing
 + Level 9.3(14.3) Armour
 + Level 9.3(14.3) Dodging
 - Level 1.5(6.5) Stealth
 * Level 12.2(17.2) Unarmed Combat
 + Level 5.3 Invocations


You had 10 spell levels left.
You didn't know any spells.
Your spell library contained the following spells:

 Spells                   Type           Power      Damage    Failure   Level
 Animate Skeleton         Necr           0%         N/A       56%         1
 Apportation              Tloc           0%         N/A       56%         1
 Corona                   Hex            0%         N/A       56%         1
 Sandblast                Erth           0%         2d4       56%         1
 Summon Small Mammal      Summ           0%         N/A       56%         1
 Blink                    Tloc           N/A        N/A       71%         2
 Passwall                 Tmut/Erth      0%         N/A       71%         2
 Dazzling Flash           Conj/Hex       0%         N/A       91%         3
 Lesser Beckoning         Tloc           0%         N/A       91%         3
 Agony                    Necr           0%         N/A       100%        5
 Lee's Rapid Deconstruct  Erth           0%         3d5*      100%        5
 Manifold Assault         Tloc           0%         N/A       100%        5
 Silence                  Hex/Air        0%         N/A       100%        5


Dungeon Overview and Level Annotations

Branches:
Dungeon (9/15)             Temple (1/1) D:5            Lair (2/6) D:9
Ossuary (visited)
  Swamp: Lair:2-4    Shoals: Lair:2-4     Snake: Lair:2-4    Spider: Lair:2-4
    Orc: D:9-12

Altars:
Ashenzari
Cheibriados
Dithmenos
Elyvilon
Fedhas
Gozag
Hepliaklqana
Kikubaaqudgha
Makhleb
Nemelex Xobeh
Okawaru
Qazlal
Ru
Sif Muna
Trog
Uskayaw
Vehumet
Wu Jian
Xom
Yredelemnul
Zin
The Shining One
Jiyva

Annotations:
D:7 3 runed translucent doors, Koffer's ghost, novice SpEn
Lair:1 exclusion: oklob plant


Innate Abilities, Weirdness & Mutations

You have a pair of horns on your head.
You reflexively headbutt those who attack you in melee.


Message History

The blink frog is lightly wounded.
The bog body gestures at you while chanting.
The bolt of cold misses you.
The blink frog hits you but does no damage.
You barely miss the blink frog.
The blink frog is lightly wounded.
The bog body casts a spell at you.
You feel yourself slow down.
The blink frog blinks!
You hit the bog body. You punch the bog body!
The bog body is moderately damaged.
The bog body touches you but does no damage.
The blink frog closely misses you.
You pummel the bog body!! You headbutt the bog body.
The bog body is almost destroyed.
The bog body points at you and mumbles some strange words.
The bolt of cold hits you!
The blink frog blinks!
The bog body touches you. The bog body freezes you!
You hit the bog body.
You destroy the bog body!
Okawaru is honoured by your kill.
The blink frog blinks!
The bog body touches you! The bog body freezes you!!
You are too injured to fight recklessly!
You are too injured to fight recklessly!
You are too injured to fight recklessly!
You are too injured to fight recklessly!
You are too injured to fight recklessly!
You are too injured to fight recklessly!
Unknown command.
You gain the combat prowess of a mighty hero.
The bog body points at you and mumbles some strange words.
The bolt of cold hits you!!
* * * LOW HITPOINT WARNING * * *
As you read the scroll of fear, it crumbles to dust.
You assume a fearsome visage.
The bog body is unaffected.
The blink frog looks frightened!
The blink frog blinks!
The bog body touches you but does no damage.
The blink frog blinks!
The bog body gestures at you while chanting.
The bolt of cold hits you!
You die...

###
###.#..#.###†##..##
..#######.#####
#####..#
.P..#P##.#.## ##†##
............# #..##
...########..#
##..# ..## .
.#########..# ###
...##....##...# #
§§.......##..## #
§§.....@.##..##
§♣....n...§...##
♣≈.............#
♣............###
............#.#
....#..§..#####
#####...##. #..#.#
## .....


You could see a bog body.

Vanquished Creatures
  A boulder beetle (Lair:1)
  A two-headed ogre (D:5)
  A bog body (Lair:2)
  A black mamba (Lair:1)
  Maggie (D:6)
  2 cane toads (Lair:1)
  A kobold demonologist (D:9)
  A polar bear (Lair:1)
  2 hornets
  A troll (D:9)
  8 blink frogs (Lair:2)
  2 basilisks
  5 yaks (D:9)
  2 wyverns
  Menkaure (D:4)
  A steam dragon (D:8)
  5 water moccasins
  Edmund (D:6)
  An orc warrior (D:8)
  A sky beast (D:5)
  2 ice beasts
  3 ogres
  9 wolves
  3 centaurs
  2 elf zombies (Ossuary)
  2 bullfrogs
  2 kobold brigands
  Blork the orc (D:6)
  A wyvern zombie (D:7)
  2 scorpions
  5 gnoll sergeants
  A water moccasin zombie (D:6)
  A wyvern skeleton (D:5)
  4 killer bees (D:7)
  3 electric eels
  5 howler monkeys (D:9)
  3 centaur zombies
  A bullfrog skeleton (D:6)
  12 hounds
  7 jellies
  Crazy Yiuf (D:5)
  4 orc priests
  A centaur skeleton (D:6)
  2 gnoll shamans
  Ijyb (D:3)
  Terence (D:3)
  4 iguanas
  8 orc wizards
  A hound skeleton (D:4)
  3 mummies
  2 howler monkey zombies
  31 gnolls
  A howler monkey skeleton (D:5)
  11 adders
  A shadow imp (D:7)
  A white imp (D:6)
  An adder zombie (Ossuary)
  3 adder skeletons (D:4)
  4 worms
  4 dart slugs
  21 orcs
  7 endoplasms
  5 giant cockroaches
  7 goblins
  16 hobgoblins
  6 jackals
  5 quokkas
  10 ball pythons
  6 bats
  7 frilled lizards
  11 hobgoblin zombies (Ossuary)
  A jackal zombie (Ossuary)
  16 kobolds
  6 kobold zombies (Ossuary)
  11 orc zombies
  2 rats (D:1)
  5 rat zombies (Ossuary)
335 creatures vanquished.

Vanquished Creatures (others)
  6 fungi
  11 plants
17 creatures vanquished.

Grand Total: 352 creatures vanquished

Notes
Turn   | Place    | Note
-------+----------+-------------------------------------------
     0 | D:1      | sankara the Minotaur Monk began the quest for the Orb.
     0 | D:1      | Reached XP level 1. HP: 19/19 MP: 0/0
   295 | D:1      | Reached XP level 2. HP: 27/27 MP: 1/1
   553 | D:1      | Found a faded altar of an unknown god.
   656 | D:1      | Reached skill level 1 in Armour
   972 | D:2      | Reached XP level 3. HP: 33/33 MP: 2/2
  1053 | D:2      | Reached skill level 4 in Unarmed Combat
  1118 | D:2      | HP: 1/33 [orc wizard/puff of flame (4)]
  1650 | D:1      | Reached XP level 4. HP: 27/40 MP: 3/3
  2178 | D:2      | Reached XP level 5. HP: 28/47 MP: 4/4
  2723 | D:2      | Reached skill level 5 in Unarmed Combat
  3070 | D:3      | Noticed Terence
  3078 | D:3      | Killed Terence
  3256 | D:3      | Noticed Ijyb
  3265 | D:3      | Killed Ijyb
  3266 | D:3      | Reached XP level 6. HP: 55/55 MP: 5/5
  3975 | D:4      | Reached skill level 5 in Fighting
  4072 | D:4      | Reached skill level 6 in Unarmed Combat
  4338 | D:4      | Noticed Menkaure
  4579 | D:3      | Reached skill level 5 in Dodging
  4579 | D:3      | Reached XP level 7. HP: 61/61 MP: 6/6
  4593 | D:4      | Killed Menkaure
  5404 | D:4      | Found a hazy altar of Hepliaklqana.
  5586 | D:5      | Entered Level 5 of the Dungeon
  5621 | D:5      | Reached skill level 7 in Unarmed Combat
  5658 | D:5      | Reached XP level 8. HP: 70/70 MP: 7/7
  5709 | D:5      | Noticed a two-headed ogre
  5716 | D:5      | Killed a two-headed ogre
  5717 | D:5      | Reached skill level 5 in Armour
  5717 | D:5      | Reached skill level 8 in Unarmed Combat
  6321 | D:5      | Found a staircase to the Ecumenical Temple.
  6361 | Temple   | Entered the Ecumenical Temple
  6372 | Temple   | Became a worshipper of Warmaster Okawaru
  6372 | Temple   | Reached * piety under Okawaru
  6372 | Temple   | Reached ** piety under Okawaru
  6479 | D:5      | Found a runed translucent door.
  6480 | D:5      | Noticed Crazy Yiuf
  6552 | D:5      | Reached XP level 9. HP: 71/79 MP: 8/8
  6634 | D:5      | Found a sacrificial altar of Ru.
  6852 | D:5      | Killed Crazy Yiuf
  6942 | D:6      | Found a blossoming altar of Fedhas.
  6944 | D:6      | Noticed Maggie
  6962 | D:6      | Reached skill level 9 in Unarmed Combat
  6966 | D:6      | Killed Maggie
  7013 | D:6      | Found a stormy altar of Qazlal.
  7310 | D:6      | Reached skill level 1 in Invocations
  7334 | D:6      | Noticed Edmund
  7344 | D:6      | Killed Edmund
  7381 | D:6      | Noticed Blork the orc
  7387 | D:6      | Killed Blork the orc
  7816 | D:6      | Reached *** piety under Okawaru
  8012 | D:6      | Reached skill level 10 in Unarmed Combat
  8544 | D:7      | Found a snail-covered altar of Cheibriados.
  8740 | D:7      | Reached XP level 10. HP: 90/90 MP: 7/10
  8767 | D:7      | Found a runed translucent gate.
  8767 | D:7      | Found a runed translucent gate.
  8825 | D:7      | Found a runed translucent gate.
  8846 | D:7      | Found an opulent altar of Gozag.
  8886 | D:7      | Noticed Koffer's ghost (novice SpEn)
  8947 | D:7      | Found an ancient bone altar of Kikubaaqudgha.
  9171 | D:8      | Found a sand-covered staircase.
  9177 | Ossuary  | Entered an ossuary
  9923 | D:8      | Found a viscous altar of Jiyva.
 10466 | D:8      | Reached skill level 1 in Throwing
 10628 | D:8      | Reached **** piety under Okawaru
 11230 | D:9      | Reached skill level 11 in Unarmed Combat
 11338 | D:9      | Found a shimmering altar of Xom.
 11341 | D:9      | Found a shimmering altar of Xom.
 11341 | D:9      | Found a shimmering altar of Xom.
 11341 | D:9      | Found a shimmering altar of Xom.
 11341 | D:9      | Found a shimmering altar of Xom.
 11342 | D:9      | Found a shimmering altar of Xom.
 11345 | D:9      | Found a shimmering altar of Xom.
 11346 | D:9      | Found a shimmering altar of Xom.
 11461 | D:9      | Reached ***** piety under Okawaru
 11501 | D:9      | Found a staircase to the Lair.
 11515 | D:9      | Noticed a cane toad
 11739 | D:9      | Reached XP level 11. HP: 41/97 MP: 13/13
 12046 | D:9      | Found a broken altar of Ashenzari.
 12204 | D:9      | Noticed a harpy
 12330 | Lair:1   | Entered Level 1 of the Lair of Beasts
 12499 | Lair:1   | Received a gift from Okawaru
 13083 | Lair:1   | Noticed a boulder beetle
 13099 | Lair:1   | Killed a boulder beetle
 13381 | Lair:1   | Noticed an oklob plant
 14365 | Lair:2   | Reached skill level 5 in Invocations
 14369 | Lair:2   | Reached skill level 12 in Unarmed Combat
 14667 | Lair:2   | Noticed a bog body
 14689 | Lair:2   | Received a gift from Okawaru
 14690 | Lair:2   | Reached skill level 10 in Fighting
 14780 | Lair:2   | Noticed a bog body
 14788 | Lair:2   | Killed a bog body
 14790 | Lair:2   | Killed from afar by a bog body

Illustrated notes

Levels and vault maps discovered:
D:1:      shiori_arrival_elements, layout_basic, chequers_ecumenical_altar_lobes
D:2:      layout_basic, moated_statue, minmay_pentomino_s4
D:3:      minmay_spotlight, layout_basic, uniq_ijyb, uniq_terence
D:4:      minmay_thinvault, layout_cave_pods, lemuel_coloured_pillars_altar,
          chequers_decorated_corner, uniq_menkaure
D:5:      layout_cave_pools, nicolae_ru_path_of_blood,
          minmay_temple_entry_mini_moons, st_stairs_10, uniq_crazy_yiuf_cottage
D:6:      kennysheep_housing_project, layout_basic,
          grunt_temple_overflow_forces_of_nature, grunt_decor_mini_mirrors,
          roderic_serpentine_path, uniq_blork_the_orc, uniq_maggie, uniq_edmund
D:7:      layout_rooms, mainiacjoe_overflow_small_starburst,
          grunt_gozag_breadcrumbs, cheibriados_altar_1,
          gammafunk_ghost_necromancy
D:8:      layout_gridville, nicolae_ossuary_entry_giza,
          amcnicky_mini_rare_corridor_liquid, minmay_strange_pillars,
          jiyva_altar_1
D:9:      layout_loops_cross, mainiacjoe_overflow_surrounded_room,
          xom_shifter_show, erik_lair_island
Temple:   cyrus_circular_temple
Lair:1:   layout_cave_pods, nzn_sisyphean_effort, serial_bayou_shore_a,
          minmay_lair_oklob_chamber, infiniplex_staircase_pool_2
Lair:2:   layout_loops_ring, skrybe_swamp_entry_bodies, hibernation_bobbens

Skill      XL: |  1  2  3  4  5  6  7  8  9 10 11 |
---------------+----------------------------------+-----
Armour         | 1 2 3 4 6 7 8 9 |  9.3
Fighting       | 4 5 6 7 8 9 10 | 10.1
Unarmed Combat | 4 5 6 7 8 10 11 12 | 12.2
Dodging        | 4 5 6 7 8 9 |  9.3
Invocations    | 2 4 5 |  5.3
Throwing       | 2 4 |  4.2
Stealth        | |  1.5

Action                   |  1- 3 |  4- 6 |  7- 9 | 10-12 || total
-------------------------+-------+-------+-------+-------++-------
Melee: Unarmed           |    95 |   125 |   264 |   352 ||   836
       Headbutt          |    13 |    31 |    52 |    57 ||   153
       Punch             |       |     1 |     4 |    17 ||    22
 Fire: Hunting sling     |       |     3 |       |       ||     3
Throw: Stone             |     3 |       |       |       ||     3
       Boomerang         |       |       |    10 |       ||    10
Invok: Heroism           |       |       |     7 |     5 ||    12
  Use: Potion            |     1 |       |       |     1 ||     2
       Scroll            |       |       |       |    22 ||    22
 Stab: Sleeping          |     1 |       |     3 |     1 ||     5
Armor: Chain mail        |    40 |    33 |       |       ||    73
       Ring mail         |       |    10 |   108 |   120 ||   238
Dodge: Dodged            |    33 |    51 |   160 |   207 ||   451
